[ AOE2 MATCH · #470755449 ]
UnrankedSlavs vs Dravidians
[ REPLAY ANALYSIS · EXTRACTED FROM THE RECORDED GAME ]
Feudal
11:01
Castle
14:56
Imperial
30:57
| APM avg | 30.3 |
| APM peak | 83 |
| eAPM avg | 22.8 |
| Villagers / military | 159 / 263 |
Focus
⚔️ 47.8% · 🌾 52.2%
Militia ×203 · Scorpion ×19 · Spearman ×15 · Battering Ram ×11 · Boyar ×10 · Trebuchet (Packed) ×3
Feudal
12:13
Castle
15:43
Imperial
35:25
| APM avg | 32.6 |
| APM peak | 83 |
| eAPM avg | 18.0 |
| Villagers / military | 128 / 83 |
Focus
⚔️ 24.7% · 🌾 75.3%
Archer ×31 · Knight ×25 · Hand Cannoneer ×16 · Battering Ram ×8 · Bombard Cannon ×2 · Mangonel ×1
Feudal
11:24
Castle
14:54
Imperial
31:50
| APM avg | 26.8 |
| APM peak | 58 |
| eAPM avg | 20.5 |
| Villagers / military | 141 / 69 |
Focus
⚔️ 12.1% · 🌾 87.9%
Spearman ×60 · Monk ×5 · Armored Elephant ×4
Feudal
11:42
Castle
16:07
Imperial
30:25
| APM avg | 25.7 |
| APM peak | 60 |
| eAPM avg | 16.0 |
| Villagers / military | 171 / 390 |
Focus
⚔️ 28.1% · 🌾 71.9%
Spearman ×155 · Flemish Militia ×144 · Hand Cannoneer ×73 · Bombard Cannon ×9 · Trebuchet (Packed) ×6 · Monk ×3
Feudal
11:05
Castle
13:46
Imperial
—
| APM avg | 17.7 |
| APM peak | 59 |
| eAPM avg | 10.2 |
| Villagers / military | 80 / 4 |
Focus
⚔️ 14.3% · 🌾 85.7%
Battle Elephant ×3 · Scorpion ×1
Feudal
11:21
Castle
14:53
Imperial
34:01
| APM avg | 36.8 |
| APM peak | 74 |
| eAPM avg | 24.8 |
| Villagers / military | 157 / 106 |
Focus
⚔️ 30.0% · 🌾 70.0%
Kipchak ×28 · Steppe Lancer ×26 · Battering Ram ×24 · Scout Cavalry ×17 · Unknown (1260) ×15 · Genitour ×11
Feudal
12:36
Castle
16:35
Imperial
—
| APM avg | 26.3 |
| APM peak | 76 |
| eAPM avg | 16.1 |
| Villagers / military | 78 / 63 |
Focus
⚔️ 34.5% · 🌾 65.5%
Spearman ×31 · Militia ×23 · Battering Ram ×9 · Unknown (1105) ×1
Feudal
10:50
Castle
14:29
Imperial
28:13
| APM avg | 22.1 |
| APM peak | 39 |
| eAPM avg | 14.7 |
| Villagers / military | 121 / 123 |
Focus
⚔️ 22.3% · 🌾 77.7%
Knight ×117 · Petard ×3 · Trebuchet (Packed) ×2 · Monk ×1
Match map
Initial resources + every placement click. Lines = walls · curves = elevation contours. ◆ gold · ⬟ stone · ● berries · ✦ relic · ◌ wall gap
Your base· ✓ Closed at 14:56 · 0t walls · 2 gate(s)
AI (CD version)'s base· ✓ Closed at 15:43 · 0t walls · 3 gate(s)
Matrix's base· ✓ Closed at 14:54 · 0t walls · 3 gate(s)
mlovdada's base· ✓ Closed at 16:07 · 0t walls · 2 gate(s)
xyliu5002's base· ✓ Closed at 13:46 · 0t walls · 2 gate(s)
bbcc's base· ✓ Closed at 14:53 · 0t walls · 3 gate(s)
Comrade'47's base· ✓ Closed at 16:35 · 0t walls · 3 gate(s)
老白羊sheep's base· ✓ Closed at 14:29 · 16t walls · 2 gate(s)
Smoothed initial terrain · ◌ = detected wall gap · hover for details
Inputs per minute
— キング・レイブン - - AI (CD version)
Build order — キング・レイブン
First 150 of 572 actions detected
| 0:02 | Build | House |
| 0:04 | Build | House |
| 0:04 | Create | Villager (Male) |
| 0:05 | Create | Villager (Male) |
| 0:05 | Create | Villager (Male) |
| 0:05 | Create | Villager (Male) |
| 0:05 | Create | Villager (Male) |
| 1:27 | Create | Villager (Male) |
| 1:27 | Create | Villager (Male) |
| 1:50 | Create | Villager (Male) |
| 1:51 | Create | Villager (Male) |
| 2:18 | Build | Lumber Camp |
| 2:27 | Create | Villager (Male) |
| 2:28 | Create | Villager (Male) |
| 2:48 | Create | Villager (Male) |
| 2:48 | Create | Villager (Male) |
| 3:11 | Create | Villager (Male) |
| 3:11 | Create | Villager (Male) |
| 3:12 | Create | Villager (Male) |
| 3:12 | Create | Villager (Male) |
| 3:57 | Create | Villager (Male) |
| 3:58 | Create | Villager (Male) |
| 3:58 | Create | Villager (Male) |
| 4:03 | Build | House |
| 4:32 | Create | Villager (Male) |
| 4:32 | Create | Villager (Male) |
| 4:42 | Build | House |
| 4:43 | Build | House |
| 5:19 | Create | Villager (Male) |
| 5:20 | Create | Villager (Male) |
| 5:20 | Create | Villager (Male) |
| 5:20 | Create | Villager (Male) |
| 5:38 | Build | Mill |
| 5:52 | Build | Mill |
| 6:12 | Create | Villager (Male) |
| 6:13 | Create | Villager (Male) |
| 6:37 | Build | Farm |
| 6:45 | Build | Farm |
| 6:47 | Create | Villager (Male) |
| 6:48 | Create | Villager (Male) |
| 7:15 | Create | Villager (Male) |
| 7:41 | Build | Mining Camp |
| 8:14 | Create | Villager (Male) |
| 8:51 | Research | Feudal Age |
| 8:56 | Build | Farm |
| 9:33 | Create | Villager (Male) |
| 9:33 | Create | Villager (Male) |
| 9:33 | Create | Villager (Male) |
| 11:01 | Age | Feudal Age |
| 11:09 | Build | Market |
| 11:15 | Build | Blacksmith |
| 12:05 | Build | House |
| 12:06 | Build | House |
| 12:07 | Build | House |
| 12:08 | Build | House |
| 12:13 | Research | Castle Age |
| 12:37 | Research | Double-Bit Axe |
| 12:47 | Research | Horse Collar |
| 13:20 | Build | Farm |
| 13:28 | Create | Villager (Male) |
| 14:56 | Age | Castle Age |
| 14:59 | Build | Siege Workshop |
| 15:05 | Research | Bow Saw |
| 15:07 | Create | Villager (Male) |
| 15:14 | Build | Town Center |
| 15:27 | Create | Villager (Male) |
| 15:47 | Create | Mangonel |
| 15:52 | Create | Villager (Male) |
| 16:01 | Build | Farm |
| 16:12 | Create | Villager (Male) |
| 16:30 | Create | Mangonel |
| 16:35 | Create | Villager (Male) |
| 16:40 | Create | Villager (Male) |
| 16:40 | Create | Villager (Male) |
| 16:48 | Build | Farm |
| 16:54 | Build | Farm |
| 17:05 | Build | Farm |
| 17:07 | Create | Villager (Male) |
| 17:08 | Create | Villager (Male) |
| 17:20 | Research | Heavy Plow |
| 17:27 | Research | Loom |
| 17:29 | Create | Villager (Male) |
| 17:29 | Create | Villager (Male) |
| 17:40 | Create | Villager (Male) |
| 17:40 | Create | Villager (Male) |
| 17:48 | Build | Farm |
| 17:50 | Create | Villager (Male) |
| 17:50 | Create | Villager (Male) |
| 18:19 | Create | Villager (Male) |
| 18:20 | Create | Villager (Male) |
| 18:29 | Build | Town Center |
| 18:35 | Build | House |
| 18:36 | Build | House |
| 18:37 | Build | House |
| 18:42 | Create | Villager (Male) |
| 18:42 | Create | Villager (Male) |
| 18:53 | Build | Farm |
| 19:01 | Build | Farm |
| 19:06 | Create | Villager (Male) |
| 19:11 | Create | Villager (Male) |
| 19:20 | Build | Farm |
| 19:21 | Build | Farm |
| 19:23 | Build | Farm |
| 19:37 | Create | Villager (Male) |
| 19:37 | Create | Villager (Male) |
| 19:49 | Create | Villager (Male) |
| 19:58 | Create | Villager (Male) |
| 19:59 | Create | Villager (Male) |
| 20:04 | Build | House |
| 20:04 | Build | House |
| 20:05 | Build | House |
| 20:23 | Build | Town Center |
| 20:27 | Create | Villager (Male) |
| 20:27 | Create | Villager (Male) |
| 20:28 | Create | Villager (Male) |
| 20:29 | Create | Villager (Male) |
| 20:30 | Create | Villager (Male) |
| 20:46 | Build | Farm |
| 20:46 | Build | Farm |
| 20:47 | Build | Farm |
| 20:48 | Build | Farm |
| 20:49 | Build | Farm |
| 20:50 | Build | Farm |
| 20:52 | Create | Villager (Male) |
| 20:52 | Create | Villager (Male) |
| 20:53 | Create | Villager (Male) |
| 20:56 | Create | Villager (Male) |
| 20:56 | Create | Villager (Male) |
| 21:11 | Build | Farm |
| 21:12 | Build | Farm |
| 21:14 | Create | Villager (Male) |
| 21:14 | Create | Villager (Male) |
| 21:14 | Create | Villager (Male) |
| 21:16 | Create | Villager (Male) |
| 21:16 | Create | Villager (Male) |
| 21:30 | Research | Wheelbarrow |
| 21:31 | Research | Wheelbarrow |
| 21:38 | Build | Farm |
| 21:41 | Create | Villager (Male) |
| 21:41 | Create | Villager (Male) |
| 21:51 | Create | Villager (Male) |
| 21:51 | Create | Villager (Male) |
| 21:58 | Build | Castle |
| 22:03 | Create | Villager (Male) |
| 22:05 | Create | Villager (Male) |
| 22:05 | Create | Villager (Male) |
| 22:05 | Create | Villager (Male) |
| 22:09 | Build | House |
| 22:10 | Build | House |
| 22:11 | Build | House |
Build order — AI (CD version)
First 150 of 344 actions detected
| 0:00 | Create | Villager (Male) |
| 0:00 | Create | Villager (Male) |
| 0:01 | Create | Villager (Male) |
| 0:01 | Create | Villager (Male) |
| 0:03 | Build | House |
| 0:05 | Build | House |
| 1:24 | Create | Villager (Male) |
| 1:46 | Build | Lumber Camp |
| 1:49 | Create | Villager (Male) |
| 2:23 | Create | Villager (Male) |
| 2:23 | Create | Villager (Male) |
| 2:55 | Create | Villager (Male) |
| 2:55 | Create | Villager (Male) |
| 3:37 | Create | Villager (Male) |
| 3:51 | Build | House |
| 4:12 | Create | Villager (Male) |
| 4:13 | Build | House |
| 4:29 | Build | Mill |
| 4:34 | Create | Villager (Male) |
| 4:38 | Build | House |
| 5:00 | Create | Villager (Male) |
| 5:00 | Create | Villager (Male) |
| 5:00 | Create | Villager (Male) |
| 5:18 | Create | Villager (Male) |
| 5:46 | Create | Villager (Male) |
| 6:14 | Create | Villager (Male) |
| 6:27 | Build | Mill |
| 6:36 | Create | Villager (Male) |
| 6:45 | Create | Villager (Male) |
| 6:46 | Create | Villager (Male) |
| 6:57 | Create | Villager (Male) |
| 7:09 | Build | Lumber Camp |
| 7:11 | Create | Villager (Male) |
| 7:55 | Create | Villager (Male) |
| 8:08 | Create | Villager (Male) |
| 8:25 | Build | Mining Camp |
| 9:03 | Create | Villager (Male) |
| 9:26 | Create | Villager (Male) |
| 9:27 | Research | Feudal Age |
| 10:04 | Build | Farm |
| 10:15 | Build | Barracks |
| 10:28 | Create | Villager (Male) |
| 10:28 | Create | Villager (Male) |
| 11:21 | Build | Farm |
| 11:22 | Build | Farm |
| 11:23 | Build | Farm |
| 11:24 | Build | Farm |
| 12:13 | Age | Feudal Age |
| 12:14 | Build | Stable |
| 12:19 | Build | Blacksmith |
| 12:28 | Research | Double-Bit Axe |
| 12:49 | Research | Horse Collar |
| 12:52 | Build | Farm |
| 13:03 | Research | Castle Age |
| 13:21 | Build | Farm |
| 13:23 | Build | Farm |
| 13:25 | Build | Farm |
| 13:28 | Build | Farm |
| 13:37 | Build | Farm |
| 14:10 | Build | Farm |
| 14:12 | Build | Farm |
| 14:26 | Create | Villager (Male) |
| 14:30 | Build | Farm |
| 15:07 | Create | Villager (Male) |
| 15:19 | Create | Villager (Male) |
| 15:43 | Age | Castle Age |
| 15:46 | Build | Stable |
| 15:59 | Build | Siege Workshop |
| 16:01 | Create | Villager (Male) |
| 16:07 | Create | Villager (Male) |
| 16:11 | Create | Knight |
| 16:11 | Create | Knight |
| 16:15 | Build | Farm |
| 16:16 | Build | Farm |
| 16:16 | Create | Villager (Male) |
| 16:21 | Build | Farm |
| 16:34 | Create | Villager (Male) |
| 16:40 | Create | Villager (Male) |
| 16:41 | Create | Battering Ram |
| 16:50 | Create | Knight |
| 16:50 | Create | Knight |
| 16:55 | Create | Villager (Male) |
| 16:59 | Create | Knight |
| 17:00 | Create | Knight |
| 17:00 | Create | Knight |
| 17:04 | Create | Villager (Male) |
| 17:11 | Build | Farm |
| 17:17 | Create | Battering Ram |
| 17:17 | Create | Battering Ram |
| 17:26 | Build | Farm |
| 17:27 | Create | Villager (Male) |
| 17:31 | Build | Farm |
| 17:33 | Create | Knight |
| 17:53 | Create | Battering Ram |
| 18:16 | Create | Mangonel |
| 18:19 | Create | Villager (Male) |
| 18:22 | Create | Villager (Male) |
| 18:32 | Create | Villager (Male) |
| 18:41 | Research | Scale Barding Armor |
| 18:53 | Build | Market |
| 19:05 | Create | Knight |
| 19:11 | Build | House |
| 19:16 | Build | House |
| 19:16 | Build | House |
| 19:17 | Build | House |
| 19:36 | Build | Farm |
| 19:48 | Research | Bloodlines |
| 19:56 | Create | Battering Ram |
| 20:02 | Create | Villager (Male) |
| 20:03 | Create | Villager (Male) |
| 20:09 | Build | Farm |
| 20:31 | Research | Chain Barding Armor |
| 20:32 | Research | Chain Barding Armor |
| 20:33 | Create | Knight |
| 20:47 | Create | Villager (Male) |
| 20:50 | Build | Farm |
| 21:25 | Create | Knight |
| 21:25 | Create | Knight |
| 22:13 | Create | Knight |
| 22:14 | Create | Knight |
| 22:14 | Create | Knight |
| 22:19 | Create | Battering Ram |
| 22:20 | Create | Battering Ram |
| 22:57 | Create | Knight |
| 22:58 | Create | Knight |
| 22:58 | Create | Knight |
| 23:00 | Research | Forging |
| 23:39 | Create | Villager (Male) |
| 23:40 | Create | Villager (Male) |
| 23:42 | Build | Town Center |
| 23:49 | Create | Villager (Male) |
| 23:50 | Create | Villager (Male) |
| 23:53 | Build | Town Center |
| 23:59 | Create | Villager (Male) |
| 24:02 | Research | Bow Saw |
| 24:11 | Create | Knight ×3 |
| 24:13 | Create | Villager (Male) |
| 25:06 | Create | Battering Ram |
| 25:10 | Create | Villager (Male) |
| 25:11 | Create | Villager (Male) ×5 |
| 25:11 | Create | Villager (Male) ×5 |
| 25:11 | Create | Villager (Male) |
| 25:29 | Create | Villager (Male) |
| 26:12 | Build | Farm |
| 26:13 | Build | Farm |
| 26:17 | Create | Villager (Male) |
| 26:19 | Create | Villager (Male) |
| 26:35 | Research | Forging |
| 26:35 | Create | Villager (Male) |
| 26:42 | Build | Farm |
Build order — Matrix
First 150 of 338 actions detected
| 0:02 | Create | Villager (Male) |
| 0:02 | Create | Villager (Male) |
| 0:03 | Create | Villager (Male) |
| 0:04 | Build | House |
| 0:05 | Build | House |
| 0:21 | Create | Villager (Male) |
| 0:21 | Create | Villager (Male) |
| 1:43 | Create | Villager (Male) |
| 1:43 | Create | Villager (Male) |
| 1:52 | Create | Villager (Male) |
| 1:53 | Create | Villager (Male) |
| 2:23 | Create | Villager (Male) |
| 2:23 | Create | Villager (Male) |
| 2:28 | Build | Lumber Camp |
| 2:30 | Create | Villager (Male) |
| 2:30 | Create | Villager (Male) |
| 2:54 | Create | Villager (Male) |
| 2:55 | Create | Villager (Male) |
| 3:23 | Build | House |
| 3:25 | Build | House |
| 3:26 | Create | Villager (Male) |
| 3:27 | Create | Villager (Male) |
| 3:53 | Create | Villager (Male) |
| 3:54 | Create | Villager (Male) |
| 3:54 | Create | Villager (Male) |
| 4:38 | Create | Villager (Male) |
| 4:38 | Create | Villager (Male) |
| 4:50 | Create | Villager (Male) |
| 4:51 | Create | Villager (Male) |
| 5:36 | Build | Mill |
| 5:39 | Create | Villager (Male) |
| 5:39 | Create | Villager (Male) |
| 6:19 | Create | Villager (Male) |
| 6:19 | Create | Villager (Male) |
| 6:19 | Create | Villager (Male) |
| 7:18 | Create | Villager (Male) |
| 7:37 | Build | Mill |
| 7:47 | Create | Villager (Male) |
| 7:48 | Create | Villager (Male) |
| 8:23 | Build | Mining Camp |
| 8:30 | Research | Loom |
| 8:31 | Research | Feudal Age |
| 8:47 | Build | House |
| 11:03 | Create | Villager (Male) |
| 11:05 | Create | Villager (Male) |
| 11:24 | Age | Feudal Age |
| 11:29 | Build | Market |
| 11:32 | Build | Blacksmith |
| 12:06 | Research | Castle Age |
| 12:11 | Build | Farm |
| 12:21 | Build | Farm |
| 12:24 | Build | Farm |
| 12:27 | Research | Double-Bit Axe |
| 12:27 | Research | Double-Bit Axe |
| 12:30 | Build | Farm |
| 13:13 | Build | Farm |
| 13:49 | Research | Horse Collar |
| 13:49 | Research | Horse Collar |
| 14:13 | Build | House |
| 14:54 | Age | Castle Age |
| 14:59 | Build | Town Center |
| 15:04 | Create | Villager (Male) |
| 15:05 | Create | Villager (Male) |
| 15:11 | Build | Town Center |
| 15:43 | Create | Villager (Male) |
| 15:56 | Create | Villager (Male) |
| 15:59 | Create | Villager (Male) |
| 16:00 | Create | Villager (Male) |
| 16:03 | Build | Farm |
| 16:06 | Build | Farm |
| 16:21 | Build | Farm |
| 16:22 | Build | Farm |
| 16:25 | Build | Farm |
| 16:27 | Create | Villager (Male) |
| 16:41 | Create | Villager (Male) |
| 16:41 | Create | Villager (Male) |
| 16:42 | Create | Villager (Male) |
| 16:49 | Build | Farm |
| 16:51 | Build | Farm |
| 16:52 | Build | Farm |
| 16:56 | Build | Farm |
| 16:59 | Build | Farm |
| 17:00 | Create | Villager (Male) |
| 17:01 | Create | Villager (Male) |
| 17:02 | Create | Villager (Male) |
| 17:12 | Build | Farm |
| 17:20 | Create | Villager (Male) |
| 17:24 | Build | House |
| 17:32 | Create | Villager (Male) |
| 17:32 | Create | Villager (Male) |
| 17:42 | Build | Farm |
| 17:53 | Build | House |
| 17:56 | Create | Villager (Male) |
| 18:00 | Build | Farm |
| 18:09 | Create | Villager (Male) |
| 18:09 | Create | Villager (Male) |
| 18:09 | Create | Villager (Male) |
| 18:11 | Create | Villager (Male) |
| 18:22 | Build | Farm |
| 18:22 | Build | Farm |
| 18:22 | Build | Farm |
| 18:28 | Build | Farm |
| 18:31 | Build | House |
| 18:38 | Create | Villager (Male) |
| 18:42 | Create | Villager (Male) |
| 18:48 | Build | Farm |
| 18:50 | Create | Villager (Male) |
| 18:59 | Create | Villager (Male) |
| 19:00 | Create | Villager (Male) |
| 19:01 | Create | Villager (Male) |
| 19:04 | Build | House |
| 19:13 | Create | Villager (Male) |
| 19:15 | Build | Farm |
| 19:25 | Create | Villager (Male) |
| 19:29 | Create | Villager (Male) |
| 19:42 | Build | House |
| 19:44 | Build | Farm |
| 19:46 | Create | Villager (Male) |
| 19:47 | Create | Villager (Male) |
| 19:48 | Create | Villager (Male) |
| 20:02 | Build | Town Center |
| 20:05 | Build | Farm |
| 20:07 | Create | Villager (Male) |
| 20:08 | Create | Villager (Male) |
| 20:09 | Create | Villager (Male) |
| 20:18 | Build | Farm |
| 20:22 | Build | House |
| 20:23 | Build | House |
| 20:32 | Research | Bow Saw |
| 20:32 | Research | Bow Saw |
| 20:36 | Research | Gold Mining |
| 20:36 | Research | Gold Mining |
| 20:45 | Create | Villager (Male) |
| 20:45 | Create | Villager (Male) |
| 20:58 | Create | Villager (Male) |
| 21:01 | Build | Farm |
| 21:04 | Create | Villager (Male) |
| 21:06 | Create | Villager (Male) |
| 21:07 | Create | Villager (Male) |
| 21:11 | Build | Farm |
| 21:26 | Create | Villager (Male) |
| 21:34 | Build | Barracks |
| 21:37 | Build | Farm |
| 21:39 | Build | Farm |
| 21:41 | Create | Villager (Male) |
| 21:42 | Create | Villager (Male) |
| 21:48 | Create | Villager (Male) |
| 21:49 | Create | Villager (Male) |
| 21:50 | Create | Villager (Male) |
| 21:51 | Create | Villager (Male) |
Build order — mlovdada
First 150 of 371 actions detected
| 0:02 | Create | Villager (Male) |
| 0:02 | Create | Villager (Male) |
| 0:03 | Build | House |
| 0:04 | Build | House |
| 0:11 | Create | Villager (Male) |
| 0:12 | Create | Villager (Male) |
| 1:31 | Create | Villager (Male) |
| 1:31 | Create | Villager (Male) |
| 1:56 | Create | Villager (Male) |
| 1:56 | Create | Villager (Male) |
| 2:34 | Build | Lumber Camp |
| 2:36 | Create | Villager (Male) |
| 2:36 | Create | Villager (Male) |
| 3:01 | Create | Villager (Male) |
| 3:02 | Create | Villager (Male) |
| 3:02 | Create | Villager (Male) |
| 3:10 | Create | Villager (Male) |
| 3:10 | Create | Villager (Male) |
| 3:45 | Create | Villager (Male) |
| 3:45 | Create | Villager (Male) |
| 4:07 | Create | Villager (Male) |
| 4:07 | Create | Villager (Male) |
| 4:07 | Create | Villager (Male) |
| 4:11 | Build | House |
| 4:15 | Build | House |
| 5:14 | Build | Mill |
| 5:22 | Create | Villager (Male) |
| 5:22 | Create | Villager (Male) |
| 5:22 | Create | Villager (Male) |
| 5:38 | Create | Villager (Male) |
| 5:38 | Create | Villager (Male) |
| 5:38 | Create | Villager (Male) |
| 5:38 | Create | Villager (Male) |
| 5:39 | Create | Villager (Male) |
| 5:54 | Build | House |
| 5:56 | Build | House |
| 6:24 | Build | Mill |
| 6:35 | Create | Villager (Male) |
| 6:35 | Create | Villager (Male) |
| 6:35 | Create | Villager (Male) |
| 6:36 | Create | Villager (Male) |
| 7:12 | Create | Villager (Male) |
| 7:12 | Create | Villager (Male) |
| 7:12 | Create | Villager (Male) |
| 7:30 | Build | Farm |
| 7:36 | Create | Villager (Male) |
| 7:37 | Create | Villager (Male) |
| 7:55 | Build | Farm |
| 8:28 | Create | Villager (Male) |
| 9:24 | Research | Feudal Age |
| 9:33 | Build | Mining Camp |
| 9:57 | Create | Villager (Male) |
| 10:28 | Build | Farm |
| 10:48 | Build | Lumber Camp |
| 11:15 | Create | Villager (Male) |
| 11:16 | Create | Villager (Male) |
| 11:16 | Create | Villager (Male) |
| 11:27 | Create | Villager (Male) |
| 11:27 | Create | Villager (Male) |
| 11:42 | Age | Feudal Age |
| 11:52 | Build | Market |
| 12:22 | Create | Villager (Male) |
| 12:30 | Build | Blacksmith |
| 13:00 | Create | Villager (Male) |
| 13:00 | Create | Villager (Male) |
| 13:27 | Research | Castle Age |
| 13:34 | Research | Double-Bit Axe |
| 13:36 | Research | Horse Collar |
| 14:00 | Research | Heavy Plow |
| 14:04 | Research | Bow Saw |
| 14:20 | Build | House |
| 14:24 | Build | House |
| 14:31 | Build | House |
| 14:33 | Build | House |
| 14:41 | Build | Farm |
| 14:44 | Build | Farm |
| 14:47 | Build | Farm |
| 14:52 | Create | Villager (Male) |
| 15:56 | Create | Villager (Male) |
| 16:00 | Create | Villager (Male) |
| 16:01 | Create | Villager (Male) |
| 16:07 | Age | Castle Age |
| 16:13 | Build | Monastery |
| 16:26 | Create | Villager (Male) |
| 16:33 | Build | Town Center |
| 16:59 | Create | Monk |
| 17:00 | Create | Monk |
| 17:16 | Build | Town Center |
| 17:48 | Create | Villager (Male) |
| 17:58 | Create | Monk |
| 18:23 | Create | Villager (Male) |
| 18:23 | Create | Villager (Male) |
| 18:24 | Create | Villager (Male) |
| 18:48 | Research | Two-Man Saw |
| 18:54 | Build | Farm |
| 18:55 | Build | Farm |
| 18:55 | Build | Farm |
| 18:55 | Build | Farm |
| 18:56 | Build | Farm |
| 18:56 | Build | Farm |
| 18:56 | Build | Farm |
| 18:57 | Build | Farm |
| 18:57 | Build | Farm |
| 19:00 | Build | Farm |
| 19:09 | Create | Villager (Male) |
| 19:21 | Create | Villager (Male) |
| 19:24 | Create | Villager (Male) |
| 19:25 | Create | Villager (Male) |
| 19:33 | Build | House |
| 19:33 | Build | House |
| 19:34 | Build | House |
| 19:52 | Create | Villager (Male) |
| 19:59 | Create | Villager (Male) |
| 19:59 | Create | Villager (Male) |
| 20:02 | Build | Farm |
| 20:03 | Build | Farm |
| 20:03 | Build | Farm |
| 20:03 | Build | Farm |
| 20:04 | Build | Farm |
| 20:04 | Build | Farm |
| 20:05 | Build | Farm |
| 20:06 | Build | Farm |
| 20:06 | Build | Farm |
| 20:06 | Build | Farm |
| 20:06 | Build | Farm |
| 20:12 | Create | Villager (Male) ×2 |
| 20:12 | Create | Villager (Male) ×2 |
| 20:13 | Create | Villager (Male) ×2 |
| 20:19 | Create | Villager (Male) |
| 20:19 | Create | Villager (Male) |
| 20:51 | Research | Wheelbarrow |
| 20:52 | Create | Villager (Male) |
| 20:52 | Create | Villager (Male) |
| 20:57 | Build | Town Center |
| 21:05 | Create | Villager (Male) ×2 |
| 21:06 | Create | Villager (Male) ×2 |
| 21:06 | Create | Villager (Male) ×2 |
| 21:19 | Create | Villager (Male) ×2 |
| 21:19 | Create | Villager (Male) ×2 |
| 21:43 | Create | Villager (Male) ×3 |
| 21:44 | Create | Villager (Male) ×4 |
| 21:44 | Create | Villager (Male) |
| 21:53 | Build | Lumber Camp |
| 21:59 | Build | Farm |
| 22:03 | Build | Farm |
| 22:04 | Build | Farm |
| 22:05 | Create | Villager (Male) ×4 |
| 22:05 | Create | Villager (Male) ×4 |
| 22:19 | Create | Villager (Male) |
| 22:19 | Create | Villager (Male) |
Build order — xyliu5002
First 150 of 166 actions detected
| 0:04 | Create | Villager (Male) |
| 0:04 | Create | Villager (Male) |
| 0:05 | Build | House |
| 0:06 | Build | House |
| 0:21 | Create | Villager (Male) |
| 0:22 | Create | Villager (Male) |
| 1:26 | Create | Villager (Male) |
| 1:27 | Create | Villager (Male) |
| 1:49 | Build | Lumber Camp |
| 1:53 | Create | Villager (Male) |
| 1:53 | Create | Villager (Male) |
| 2:36 | Create | Villager (Male) |
| 2:37 | Create | Villager (Male) |
| 2:55 | Create | Villager (Male) |
| 2:56 | Create | Villager (Male) |
| 2:56 | Create | Villager (Male) |
| 3:39 | Build | House |
| 3:43 | Create | Villager (Male) |
| 4:00 | Create | Villager (Male) |
| 4:05 | Build | House |
| 4:35 | Create | Villager (Male) |
| 4:55 | Build | Mill |
| 4:58 | Create | Villager (Male) |
| 5:34 | Create | Villager (Male) |
| 5:45 | Create | Villager (Male) |
| 6:08 | Create | Villager (Male) |
| 6:49 | Create | Villager (Male) |
| 7:10 | Create | Villager (Male) |
| 7:16 | Build | Mining Camp |
| 7:34 | Create | Villager (Male) |
| 8:05 | Create | Villager (Male) |
| 8:20 | Research | Feudal Age |
| 8:24 | Create | Villager (Male) |
| 8:28 | Build | Farm |
| 8:47 | Research | Feudal Age |
| 9:25 | Build | Farm |
| 9:33 | Build | Farm |
| 10:35 | Build | Farm |
| 11:05 | Age | Feudal Age |
| 11:06 | Research | Castle Age |
| 11:10 | Build | House |
| 11:14 | Research | Double-Bit Axe |
| 11:18 | Research | Horse Collar |
| 11:54 | Build | Farm |
| 13:04 | Create | Villager (Male) |
| 13:05 | Create | Villager (Male) |
| 13:20 | Build | Farm |
| 13:46 | Age | Castle Age |
| 13:49 | Build | Town Center |
| 13:55 | Build | Town Center |
| 14:18 | Create | Villager (Male) |
| 14:31 | Research | Bow Saw |
| 14:41 | Build | House |
| 14:57 | Create | Villager (Male) |
| 15:06 | Build | Farm |
| 15:07 | Create | Villager (Male) |
| 15:22 | Build | Farm |
| 15:24 | Create | Villager (Male) |
| 15:24 | Create | Villager (Male) |
| 15:27 | Create | Villager (Male) |
| 15:29 | Build | House |
| 15:31 | Create | Villager (Male) |
| 15:31 | Create | Villager (Male) |
| 15:35 | Create | Villager (Male) |
| 15:36 | Research | Loom |
| 15:38 | Build | Farm |
| 15:42 | Create | Villager (Male) |
| 15:45 | Build | Farm |
| 15:53 | Build | Farm |
| 15:54 | Create | Villager (Male) |
| 16:00 | Build | House |
| 16:03 | Create | Villager (Male) |
| 16:08 | Build | Farm |
| 16:18 | Create | Villager (Male) |
| 16:21 | Build | Farm |
| 16:22 | Create | Villager (Male) |
| 16:26 | Build | Farm |
| 16:31 | Build | House |
| 16:36 | Create | Villager (Male) |
| 16:42 | Build | Farm |
| 16:48 | Build | Farm |
| 16:49 | Create | Villager (Male) |
| 16:54 | Create | Villager (Male) |
| 17:00 | Build | Farm |
| 17:09 | Build | Farm |
| 17:10 | Create | Villager (Male) |
| 17:18 | Build | House |
| 17:20 | Create | Villager (Male) |
| 17:25 | Create | Villager (Male) |
| 17:27 | Build | Farm |
| 17:29 | Create | Villager (Male) |
| 17:33 | Build | Farm |
| 17:38 | Build | Farm |
| 17:39 | Create | Villager (Male) |
| 17:44 | Create | Villager (Male) |
| 17:53 | Build | Farm |
| 17:56 | Build | House |
| 17:59 | Create | Villager (Male) |
| 18:08 | Build | Lumber Camp |
| 18:09 | Create | Villager (Male) |
| 18:09 | Create | Villager (Male) |
| 18:17 | Build | Farm |
| 18:18 | Create | Villager (Male) |
| 18:19 | Create | Villager (Male) |
| 18:36 | Create | Villager (Male) |
| 18:36 | Create | Villager (Male) |
| 18:43 | Build | House |
| 18:45 | Build | House |
| 18:49 | Research | Heavy Plow |
| 18:56 | Build | Farm |
| 18:57 | Create | Villager (Male) |
| 19:03 | Build | House |
| 19:06 | Research | Town Watch |
| 19:08 | Create | Villager (Male) |
| 19:12 | Build | Farm |
| 19:13 | Build | Farm |
| 19:16 | Build | Farm |
| 19:18 | Create | Villager (Male) |
| 19:22 | Create | Villager (Male) |
| 19:45 | Create | Villager (Male) |
| 19:46 | Build | House |
| 19:49 | Create | Villager (Male) |
| 19:54 | Build | House |
| 19:55 | Build | House |
| 20:06 | Create | Villager (Male) |
| 20:09 | Build | Stable |
| 20:10 | Create | Villager (Male) |
| 20:14 | Build | Farm |
| 20:15 | Create | Villager (Male) |
| 20:18 | Build | House |
| 20:19 | Build | House |
| 20:21 | Create | Villager (Male) |
| 20:22 | Create | Villager (Male) |
| 20:31 | Create | Villager (Male) |
| 20:35 | Build | Mining Camp |
| 20:39 | Create | Villager (Male) |
| 20:48 | Create | Villager (Male) |
| 20:48 | Create | Villager (Male) |
| 20:51 | Build | House |
| 21:05 | Build | Gate |
| 21:09 | Build | House |
| 21:27 | Build | Siege Workshop |
| 21:29 | Create | Villager (Male) |
| 21:31 | Create | Villager (Male) |
| 21:32 | Create | Villager (Male) |
| 21:43 | Research | Loom |
| 21:43 | Research | Town Patrol |
| 21:44 | Research | Wheelbarrow |
| 21:44 | Research | Wheelbarrow |
| 21:55 | Create | Battle Elephant |
Build order — bbcc
First 150 of 456 actions detected
| 0:01 | Create | Villager (Male) ×4 |
| 0:03 | Build | House |
| 0:04 | Build | House |
| 1:27 | Create | Villager (Male) |
| 1:54 | Create | Villager (Male) |
| 2:21 | Create | Villager (Male) |
| 2:29 | Create | Villager (Male) |
| 2:50 | Create | Villager (Male) |
| 3:06 | Create | Villager (Male) |
| 3:37 | Create | Villager (Male) |
| 3:38 | Create | Villager (Male) |
| 3:48 | Create | Villager (Male) |
| 4:01 | Build | House |
| 4:01 | Build | House |
| 4:02 | Build | House |
| 4:31 | Create | Villager (Male) |
| 4:35 | Create | Villager (Male) |
| 4:36 | Create | Villager (Male) |
| 4:46 | Build | Lumber Camp |
| 5:03 | Create | Villager (Male) |
| 5:08 | Create | Villager (Male) |
| 5:08 | Create | Villager (Male) |
| 5:32 | Create | Villager (Male) |
| 6:04 | Create | Villager (Male) |
| 6:19 | Build | Mill |
| 6:31 | Create | Villager (Male) |
| 6:31 | Create | Villager (Male) |
| 7:01 | Create | Villager (Male) |
| 7:17 | Build | Mill |
| 7:23 | Create | Villager (Male) |
| 7:40 | Build | Farm |
| 7:58 | Build | Farm |
| 8:28 | Create | Villager (Male) |
| 8:32 | Build | Farm |
| 8:46 | Research | Feudal Age |
| 9:02 | Build | Mining Camp |
| 9:23 | Create | Villager (Male) |
| 9:23 | Create | Villager (Male) |
| 11:21 | Age | Feudal Age |
| 11:24 | Build | Market |
| 11:28 | Build | Blacksmith |
| 12:13 | Research | Castle Age |
| 12:44 | Build | Town Center |
| 12:48 | Create | Villager (Male) |
| 12:48 | Create | Villager (Male) |
| 13:09 | Build | House |
| 13:10 | Build | House |
| 13:11 | Build | House |
| 13:24 | Research | Double-Bit Axe |
| 14:27 | Research | Horse Collar |
| 14:53 | Age | Castle Age |
| 14:55 | Build | Town Center |
| 15:01 | Research | Bow Saw |
| 15:01 | Research | Bow Saw |
| 15:24 | Build | Farm |
| 15:26 | Create | Villager (Male) |
| 15:30 | Research | Heavy Plow |
| 15:40 | Create | Villager (Male) |
| 15:52 | Build | Farm |
| 16:03 | Create | Villager (Male) |
| 16:03 | Create | Villager (Male) |
| 16:05 | Build | Farm |
| 16:11 | Create | Villager (Male) |
| 16:20 | Build | Farm |
| 16:23 | Create | Villager (Male) |
| 16:26 | Build | Farm |
| 16:46 | Build | Farm |
| 16:48 | Create | Villager (Male) |
| 16:59 | Create | Villager (Male) |
| 17:07 | Build | Farm |
| 17:16 | Build | Farm |
| 17:21 | Create | Villager (Male) |
| 17:26 | Build | Farm |
| 17:33 | Build | Farm |
| 17:34 | Create | Villager (Male) |
| 17:37 | Create | Villager (Male) |
| 17:38 | Create | Villager (Male) |
| 17:40 | Build | Farm |
| 17:45 | Create | Villager (Male) |
| 17:55 | Build | Farm |
| 17:56 | Create | Villager (Male) |
| 18:01 | Build | Farm |
| 18:12 | Create | Villager (Male) |
| 18:15 | Build | Farm |
| 18:26 | Build | Farm |
| 18:27 | Create | Villager (Male) |
| 18:27 | Create | Villager (Male) |
| 18:41 | Build | Farm |
| 18:41 | Create | Villager (Male) |
| 18:44 | Build | Farm |
| 18:49 | Create | Villager (Male) |
| 18:49 | Create | Villager (Male) |
| 18:51 | Build | Farm |
| 18:56 | Create | Villager (Male) |
| 19:01 | Build | Farm |
| 19:02 | Create | Villager (Male) |
| 19:11 | Create | Villager (Male) |
| 19:16 | Build | House |
| 19:17 | Build | House |
| 19:17 | Create | Villager (Male) |
| 19:23 | Build | Farm |
| 19:26 | Create | Villager (Male) |
| 19:30 | Build | Farm |
| 19:32 | Build | Farm |
| 19:34 | Research | Wheelbarrow |
| 19:34 | Research | Wheelbarrow |
| 19:43 | Create | Villager (Male) |
| 19:47 | Create | Villager (Male) |
| 19:55 | Build | Farm |
| 19:56 | Create | Villager (Male) |
| 20:01 | Build | Mining Camp |
| 20:01 | Create | Villager (Male) |
| 20:12 | Build | Lumber Camp |
| 20:13 | Create | Villager (Male) |
| 20:25 | Build | Mill |
| 20:27 | Create | Villager (Male) |
| 20:32 | Build | House |
| 20:33 | Build | House |
| 20:35 | Create | Villager (Male) |
| 20:38 | Build | Farm |
| 20:38 | Build | Farm |
| 20:38 | Create | Villager (Male) |
| 20:52 | Research | Gold Mining |
| 20:53 | Create | Villager (Male) |
| 21:01 | Create | Villager (Male) |
| 21:18 | Build | Barracks |
| 21:18 | Create | Villager (Male) |
| 21:20 | Build | House |
| 21:21 | Build | House |
| 21:22 | Build | House |
| 21:29 | Research | Hand Cart |
| 21:30 | Create | Villager (Male) |
| 21:35 | Build | Farm |
| 21:36 | Create | Villager (Male) |
| 21:46 | Create | Villager (Male) |
| 21:59 | Research | Loom |
| 22:08 | Build | Siege Workshop |
| 22:09 | Create | Villager (Male) |
| 22:13 | Create | Villager (Male) |
| 22:22 | Research | Gold Shaft Mining |
| 22:23 | Create | Villager (Male) |
| 22:26 | Build | Mining Camp |
| 22:26 | Create | Villager (Male) |
| 22:38 | Create | Villager (Male) |
| 22:43 | Build | Farm |
| 22:43 | Build | Farm |
| 22:45 | Build | Farm |
| 22:46 | Create | Villager (Male) |
| 22:54 | Create | Villager (Male) |
| 22:57 | Build | Lumber Camp |
Build order — Comrade'47
First 150 of 239 actions detected
| 0:01 | Create | Villager (Male) ×4 |
| 0:03 | Build | House |
| 0:05 | Build | House |
| 0:22 | Build | House |
| 1:36 | Create | Villager (Male) |
| 1:36 | Create | Villager (Male) |
| 1:51 | Build | Lumber Camp |
| 2:02 | Create | Villager (Male) |
| 2:21 | Create | Villager (Male) |
| 2:49 | Create | Villager (Male) |
| 3:06 | Create | Villager (Male) |
| 3:06 | Create | Villager (Male) |
| 3:29 | Build | House |
| 3:31 | Build | House |
| 3:35 | Create | Villager (Male) |
| 4:07 | Create | Villager (Male) |
| 4:21 | Build | Mill |
| 4:34 | Create | Villager (Male) |
| 4:40 | Create | Villager (Male) |
| 5:04 | Create | Villager (Male) |
| 5:04 | Create | Villager (Male) |
| 5:50 | Create | Villager (Male) |
| 6:01 | Create | Villager (Male) |
| 6:04 | Create | Villager (Male) |
| 6:04 | Create | Villager (Male) |
| 6:23 | Build | Farm |
| 6:46 | Build | House |
| 7:14 | Build | Lumber Camp |
| 7:15 | Create | Villager (Male) |
| 7:31 | Create | Villager (Male) |
| 8:05 | Create | Villager (Male) |
| 8:05 | Create | Villager (Male) |
| 8:45 | Create | Villager (Male) |
| 8:45 | Create | Villager (Male) |
| 8:47 | Create | Villager (Male) |
| 8:52 | Build | Mill |
| 9:29 | Build | Mining Camp |
| 9:56 | Research | Feudal Age |
| 10:05 | Build | Farm |
| 10:14 | Build | Barracks |
| 10:31 | Build | Farm |
| 11:13 | Build | House |
| 11:15 | Build | House |
| 11:16 | Create | Villager (Male) |
| 11:16 | Create | Villager (Male) |
| 12:16 | Create | Villager (Male) |
| 12:36 | Age | Feudal Age |
| 12:46 | Build | Market |
| 12:52 | Build | Blacksmith |
| 13:08 | Research | Double-Bit Axe |
| 13:25 | Research | Horse Collar |
| 13:30 | Create | Villager (Male) |
| 13:40 | Research | Castle Age |
| 13:53 | Research | Gold Mining |
| 14:06 | Build | Farm |
| 14:07 | Build | Farm |
| 14:09 | Build | Farm |
| 14:10 | Build | Farm |
| 14:13 | Build | Farm |
| 14:17 | Build | Farm |
| 14:19 | Build | Farm |
| 14:24 | Research | Man-at-Arms (upgrade) |
| 15:19 | Create | Militia |
| 15:20 | Create | Militia |
| 15:34 | Build | Farm |
| 15:51 | Create | Villager (Male) |
| 15:52 | Create | Militia |
| 16:15 | Create | Militia |
| 16:16 | Create | Villager (Male) |
| 16:20 | Build | House |
| 16:21 | Build | House |
| 16:35 | Age | Castle Age |
| 16:44 | Build | Siege Workshop |
| 16:57 | Build | Siege Workshop |
| 16:59 | Create | Villager (Male) |
| 17:04 | Build | Barracks |
| 17:05 | Create | Militia |
| 17:05 | Create | Militia |
| 17:10 | Research | Bow Saw |
| 17:19 | Build | House |
| 17:20 | Build | House |
| 17:37 | Create | Villager (Male) |
| 17:40 | Build | Farm |
| 17:42 | Build | Farm |
| 17:47 | Build | Farm |
| 17:58 | Build | Farm |
| 18:01 | Create | Militia |
| 18:01 | Create | Militia |
| 18:07 | Create | Villager (Male) |
| 18:29 | Create | Villager (Male) |
| 18:29 | Create | Villager (Male) |
| 18:36 | Create | Militia |
| 18:37 | Create | Militia |
| 18:43 | Create | Unit 1105 |
| 18:43 | Create | Battering Ram |
| 18:46 | Create | Villager (Male) |
| 18:56 | Create | Spearman |
| 18:58 | Create | Villager (Male) |
| 18:59 | Create | Villager (Male) |
| 18:59 | Create | Villager (Male) |
| 19:05 | Create | Militia |
| 19:05 | Create | Militia |
| 19:28 | Create | Villager (Male) |
| 19:34 | Create | Battering Ram |
| 19:36 | Research | Long Swordsman (upgrade) |
| 19:45 | Build | Town Center |
| 19:51 | Create | Militia |
| 19:52 | Create | Militia |
| 19:59 | Build | House |
| 20:00 | Build | House |
| 20:01 | Build | House |
| 20:08 | Research | Squires |
| 20:13 | Research | Scale Mail Armor |
| 20:16 | Create | Villager (Male) |
| 20:28 | Create | Battering Ram |
| 20:33 | Create | Villager (Male) |
| 20:36 | Build | Farm |
| 20:42 | Create | Militia |
| 20:51 | Create | Villager (Male) |
| 20:58 | Build | Farm |
| 21:08 | Create | Militia |
| 22:03 | Create | Battering Ram |
| 22:03 | Create | Battering Ram |
| 22:04 | Create | Villager (Male) |
| 22:04 | Create | Villager (Male) |
| 22:12 | Create | Militia |
| 22:13 | Research | Gambesons |
| 22:19 | Research | Squires |
| 22:29 | Research | Chain Mail Armor |
| 22:48 | Create | Battering Ram |
| 22:48 | Create | Battering Ram |
| 22:49 | Create | Villager (Male) |
| 22:52 | Create | Villager (Male) |
| 23:01 | Build | Siege Workshop |
| 23:06 | Create | Militia |
| 23:50 | Create | Militia |
| 23:50 | Create | Militia |
| 23:50 | Create | Militia |
| 23:50 | Create | Militia |
| 24:04 | Create | Battering Ram |
| 24:04 | Create | Battering Ram |
| 24:13 | Create | Militia |
| 24:23 | Create | Villager (Male) |
| 24:25 | Create | Villager (Male) |
| 24:49 | Create | Villager (Male) |
| 25:01 | Create | Spearman |
| 25:01 | Create | Spearman |
| 25:01 | Create | Spearman |
| 25:02 | Create | Villager (Male) |
| 25:07 | Build | Farm |
Build order — 老白羊sheep
First 150 of 349 actions detected
| 0:01 | Create | Villager (Male) |
| 0:01 | Create | Villager (Male) |
| 0:02 | Create | Villager (Male) |
| 0:02 | Create | Villager (Male) |
| 0:03 | Build | House |
| 0:04 | Build | House |
| 0:21 | Create | Villager (Male) |
| 1:24 | Create | Villager (Male) |
| 1:40 | Build | House |
| 1:41 | Build | House |
| 2:09 | Create | Villager (Male) |
| 2:31 | Build | House |
| 2:40 | Build | Lumber Camp |
| 2:41 | Create | Villager (Male) |
| 2:41 | Create | Villager (Male) |
| 3:04 | Create | Villager (Male) |
| 3:23 | Build | Palisade Wall |
| 3:24 | Build | Palisade Wall |
| 3:35 | Build | Palisade Wall |
| 3:36 | Build | Palisade Wall |
| 3:51 | Build | Palisade Wall |
| 3:53 | Build | Palisade Wall |
| 3:55 | Build | Palisade Wall |
| 3:58 | Build | Palisade Wall |
| 4:00 | Build | Palisade Wall |
| 4:01 | Create | Villager (Male) |
| 4:04 | Build | Palisade Wall |
| 4:07 | Build | Palisade Wall |
| 4:10 | Build | Palisade Wall |
| 4:12 | Build | Palisade Wall |
| 4:24 | Create | Villager (Male) |
| 4:24 | Create | Villager (Male) |
| 4:26 | Build | Palisade Wall |
| 4:28 | Build | Palisade Wall |
| 4:30 | Build | Palisade Wall |
| 4:38 | Create | Villager (Male) |
| 4:38 | Create | Villager (Male) |
| 5:09 | Create | Villager (Male) |
| 5:09 | Create | Villager (Male) |
| 5:25 | Create | Villager (Male) |
| 5:56 | Build | Mill |
| 6:01 | Create | Villager (Male) |
| 6:02 | Create | Villager (Male) |
| 6:02 | Create | Villager (Male) |
| 6:13 | Create | Villager (Male) |
| 6:24 | Build | Mining Camp |
| 7:29 | Create | Villager (Male) |
| 8:04 | Build | Farm |
| 8:05 | Build | Farm |
| 8:16 | Create | Villager (Male) |
| 8:47 | Research | Feudal Age |
| 8:56 | Build | Farm |
| 9:46 | Build | Farm |
| 10:10 | Create | Villager (Male) |
| 10:10 | Create | Villager (Male) |
| 10:50 | Age | Feudal Age |
| 10:52 | Build | Market |
| 10:55 | Build | Blacksmith |
| 11:09 | Build | House |
| 11:19 | Create | Villager (Male) |
| 12:04 | Research | Castle Age |
| 12:13 | Build | House |
| 12:14 | Build | House |
| 12:16 | Build | House |
| 12:35 | Research | Double-Bit Axe |
| 12:55 | Build | Farm |
| 13:05 | Build | Farm |
| 14:23 | Create | Villager (Male) |
| 14:23 | Create | Villager (Male) |
| 14:24 | Create | Villager (Male) |
| 14:29 | Age | Castle Age |
| 14:31 | Build | Town Center |
| 14:36 | Build | Town Center |
| 14:39 | Create | Villager (Male) |
| 14:44 | Research | Bow Saw |
| 15:17 | Build | Farm |
| 15:20 | Build | Farm |
| 15:23 | Create | Villager (Male) |
| 15:39 | Build | Monastery |
| 15:43 | Create | Villager (Male) |
| 15:58 | Create | Villager (Male) |
| 16:11 | Create | Villager (Male) |
| 16:11 | Create | Villager (Male) |
| 16:18 | Build | Farm |
| 16:20 | Build | Farm |
| 16:36 | Create | Villager (Male) |
| 16:38 | Create | Villager (Male) |
| 16:38 | Create | Villager (Male) |
| 16:43 | Create | Monk |
| 16:45 | Create | Villager (Male) |
| 16:48 | Build | House |
| 16:49 | Build | House |
| 16:50 | Build | House |
| 17:02 | Create | Villager (Male) |
| 17:05 | Build | Farm |
| 17:08 | Build | Farm |
| 17:09 | Build | Farm |
| 17:11 | Build | Farm |
| 17:15 | Build | Farm |
| 17:16 | Create | Villager (Male) |
| 17:27 | Create | Villager (Male) |
| 17:35 | Build | Farm |
| 17:38 | Create | Villager (Male) |
| 17:52 | Create | Villager (Male) |
| 17:53 | Create | Villager (Male) |
| 17:53 | Create | Villager (Male) |
| 17:57 | Build | Farm |
| 17:59 | Build | Farm |
| 18:09 | Research | Horse Collar |
| 18:09 | Research | Horse Collar |
| 18:09 | Research | Horse Collar |
| 18:12 | Build | Farm |
| 18:13 | Build | Farm |
| 18:28 | Create | Villager (Male) |
| 18:28 | Create | Villager (Male) |
| 18:29 | Create | Villager (Male) |
| 18:38 | Build | Barracks |
| 18:46 | Create | Villager (Male) |
| 18:47 | Create | Villager (Male) |
| 18:56 | Create | Villager (Male) |
| 18:59 | Build | Farm |
| 19:04 | Build | Farm |
| 19:06 | Build | Farm |
| 19:08 | Build | Farm |
| 19:11 | Create | Villager (Male) |
| 19:11 | Create | Villager (Male) |
| 19:11 | Create | Villager (Male) |
| 19:21 | Create | Villager (Male) |
| 19:25 | Build | Farm |
| 19:27 | Build | Farm |
| 19:31 | Build | Farm |
| 19:33 | Create | Villager (Male) |
| 19:34 | Create | Villager (Male) |
| 19:44 | Research | Loom |
| 19:56 | Create | Villager (Male) |
| 19:56 | Create | Villager (Male) |
| 19:56 | Create | Villager (Male) |
| 20:00 | Build | Farm |
| 20:02 | Build | Farm |
| 20:04 | Create | Villager (Male) |
| 20:11 | Build | Farm |
| 20:12 | Build | Farm |
| 20:16 | Build | Farm |
| 20:23 | Build | Farm |
| 20:24 | Create | Villager (Male) |
| 20:24 | Create | Villager (Male) |
| 20:37 | Create | Villager (Male) |
| 20:37 | Create | Villager (Male) |
| 20:44 | Build | Town Center |
| 20:54 | Create | Villager (Male) |
Match timeline
| 3:23 | 老白羊sheep · wall_segment Palisade Wall x1 |
| 3:24 | 老白羊sheep · wall_segment Palisade Wall x1 |
| 3:35 | 老白羊sheep · wall_segment Palisade Wall x1 |
| 3:36 | 老白羊sheep · wall_segment Palisade Wall x1 |
| 3:51 | 老白羊sheep · wall_segment Palisade Wall x1 |
| 3:53 | 老白羊sheep · wall_segment Palisade Wall x1 |
| 3:55 | 老白羊sheep · wall_segment Palisade Wall x1 |
| 3:58 | 老白羊sheep · wall_segment Palisade Wall x1 |
| 4:00 | 老白羊sheep · wall_segment Palisade Wall x1 |
| 4:04 | 老白羊sheep · wall_segment Palisade Wall x1 |
| 4:07 | 老白羊sheep · wall_segment Palisade Wall x1 |
| 4:10 | 老白羊sheep · wall_segment Palisade Wall x1 |
| 4:12 | 老白羊sheep · wall_segment Palisade Wall x1 |
| 4:26 | 老白羊sheep · wall_segment Palisade Wall x1 |
| 4:28 | 老白羊sheep · wall_segment Palisade Wall x1 |
| 4:30 | 老白羊sheep · wall_segment Palisade Wall x1 |
| 10:14 | Comrade'47 · first_building Barracks |
| 10:15 | AI (CD version) · first_building Barracks |
| 10:50 | 老白羊sheep · age_up feudal |
| 11:01 | キング・レイブン · age_up feudal |
| 11:05 | xyliu5002 · age_up feudal |
| 11:21 | bbcc · age_up feudal |
| 11:24 | Matrix · age_up feudal |
| 11:42 | mlovdada · age_up feudal |
| 12:13 | AI (CD version) · age_up feudal |
| 12:14 | AI (CD version) · first_building Stable |
| 12:36 | Comrade'47 · age_up feudal |
| 13:46 | xyliu5002 · age_up castle |
| 14:29 | 老白羊sheep · age_up castle |
| 14:30 | bbcc · first_market_buy 100 wood |
| 14:53 | bbcc · age_up castle |
| 14:54 | Matrix · age_up castle |
| 14:56 | キング・レイブン · age_up castle |
| 14:59 | キング・レイブン · first_building Siege Workshop |
| 15:39 | 老白羊sheep · first_building Monastery |
| 15:43 | AI (CD version) · age_up castle |
| 15:59 | AI (CD version) · first_building Siege Workshop |
| 16:07 | mlovdada · age_up castle |
| 16:13 | mlovdada · first_building Monastery |
| 16:35 | Comrade'47 · age_up castle |
| 16:44 | Comrade'47 · first_building Siege Workshop |
| 18:36 | Comrade'47 · first_market_buy 100 food |
| 18:38 | 老白羊sheep · first_building Barracks |
| 19:52 | AI (CD version) · first_market_sell 100 food |
| 20:09 | xyliu5002 · first_building Stable |
| 21:18 | bbcc · first_building Barracks |
| 21:25 | キング・レイブン · first_market_buy 100 food |
| 21:27 | xyliu5002 · first_building Siege Workshop |
| 21:30 | 老白羊sheep · first_building Stable |
| 21:34 | Matrix · first_building Barracks |
| 21:58 | キング・レイブン · first_building Castle |
| 22:08 | bbcc · first_building Siege Workshop |
| 22:12 | Matrix · first_building Monastery |
| 22:15 | xyliu5002 · first_building Castle |
| 23:07 | bbcc · first_building Stable |
| 24:01 | Matrix · first_building Castle |
| 26:11 | xyliu5002 · resign |
| 26:11 | 老白羊sheep · first_building Castle |
| 26:33 | mlovdada · first_building Castle |
| 26:40 | mlovdada · first_building Siege Workshop |
| 27:27 | Matrix · first_building Siege Workshop |
| 27:34 | AI (CD version) · first_market_buy 100 food |
| 27:45 | キング・レイブン · first_building Barracks |
| 28:00 | mlovdada · first_building Barracks |
| 28:07 | Matrix · first_market_sell 500 wood |
| 28:13 | 老白羊sheep · age_up imperial |
| 28:13 | 老白羊sheep · first_market_sell 100 wood |
| 29:26 | bbcc · first_market_sell 100 wood |
| 30:25 | mlovdada · age_up imperial |
| 30:57 | bbcc · first_building Archery Range |
| 30:57 | キング・レイブン · age_up imperial |
| 31:50 | Matrix · age_up imperial |
| 32:45 | mlovdada · first_building Archery Range |
| 33:15 | AI (CD version) · first_building Archery Range |
| 33:27 | bbcc · first_building Castle |
| 34:01 | bbcc · age_up imperial |
| 34:49 | mlovdada · first_market_sell 100 food |
| 35:25 | AI (CD version) · age_up imperial |
| 37:09 | 老白羊sheep · first_building Archery Range |
[ AI ANALYSIS · 1 CREDIT ]
What really happened in this match?
Wolo.gg analyzes every decision: build order, eco, micro, common mistakes by bracket. Personalized analysis on WhatsApp or Discord in 30 seconds.
Civ guide
Slavs
Perfil
Jugador #10310265